 Dungeon Crawl Stone Soup version 0.24.0 (webtiles) character file.

Game seed: 15031582564029378099, levelgen mode: deterministic

362 Froggeryz the Chopper (level 6, -42/85 HPs)
             Began as a Hill Orc Fighter on Oct 25, 2019.
             Killed from afar by a howler monkey (54 damage)
             ... with an exploding inner flame
             ... hexed by the player character
             ... on level 5 of the Dungeon.
             The game lasted 00:03:32 (2059 turns).

Froggeryz the Chopper (Hill Orc Fighter)            Turns: 2059, Time: 00:03:33

Health: -42/85     AC:  6    Str: 24    XL:     6   Next: 66%
Magic:  6/6        EV:  7    Int: 10    God:
Gold:   214        SH:  9    Dex: 10    Spells: 5/5 levels left

rFire    . . .     SeeInvis .   a - +0 war axe
rCold    . . .     Gourm    .   c - +0 shield
rNeg     . . .     Faith    .   b - +0 scale mail
rPois    .         Spirit   .   (no helmet)
rElec    .         Reflect  .   (no cloak)
rCorr    +         Harm     .   (no gloves)
MR       +....                  (no boots)
Stlth    ..........             (no amulet)
HPRegen  0.24/turn              k - ring of resist corrosion
MPRegen  0.10/turn              t - ring of protection from magic

@: berserking, lethally poisoned (-42 -> -43), very quick
A: no striking features
a: no special abilities


You were on level 5 of the Dungeon.
You were not hungry.

You visited 1 branch of the dungeon, and saw 5 of its levels.

You collected 214 gold pieces.

Inventory:

Hand Weapons
 a - a +0 war axe (weapon)
 p - a +0 rapier of speed
Armour
 b - a +0 scale mail (worn)
 c - a +0 shield (worn)
Jewellery
 k - a ring of resist corrosion (left hand)
 s - an uncursed ring of fire
 t - a ring of protection from magic (right hand)
Scrolls
 e - a scroll of remove curse {unknown}
 g - a scroll of identify {unknown}
 i - a scroll of enchant weapon {unknown}
 l - a scroll of magic mapping {unknown}
 n - a scroll of immolation
Potions
 h - a potion of lignification {unknown}
 j - a potion of berserk rage
 m - a potion of haste {unknown}
 o - a potion of flight {unknown}
 q - 2 potions of curing {unknown}
Comestibles
 f - 9 rations
 r - a chunk of flesh


   Skills:
 + Level 5.8 Fighting
 * Level 7.5 Axes
 - Level 3.2 Armour
 - Level 3.2 Shields


You had 5 spell levels left.
You didn't know any spells.
Your spell library was empty.

Dungeon Overview and Level Annotations

Branches:
Dungeon (6/15)
 Temple: D:4-7

Altars:
Zin

Annotations:
D:5 Edmund
D:6 Eustachio


Message History

The howler monkey hoots and howls with incredible vigour!
You closely miss the howler monkey.
The howler monkey is lightly wounded.
You closely miss the worker ant. You block the worker ant's attack.
The sky beast flickers out of sight!
Deactivating autopickup; reactivate with Ctrl-A.
You block the howler monkey's attack.
You slash the howler monkey!
The howler monkey is severely wounded.
You hit the worker ant.
An adder comes into view.
The worker ant bites you but does no damage.
An orc comes into view. It is wielding a +0 club.
An orc wizard comes into view. It is wielding a +0 dagger.
You block the howler monkey's attack.
The adder moves out of view.
You slash the howler monkey!
The howler monkey explodes!
The fiery explosion engulfs you!!!
Ouch! That really hurt!
You die...

. ...
...oo#####
....oca@§#
.....@##§#
..... a#
..#. .# #
# ##


You could see Edmund (inner flame), a centaur (inner flame), 2 worker ants, an
orc wizard and 2 orcs.

Vanquished Creatures
  Sigmund (D:2)
  A bullfrog (D:6)
  5 adders
  An ooze (D:2)
  4 worms
  2 dart slugs (D:1)
  2 leopard geckos
  5 orcs (D:3)
  2 ball pythons (D:1)
  A giant cockroach (D:1)
  10 goblins
  10 hobgoblins
  7 kobolds
  8 bats
  3 frilled lizards
  A leopard gecko skeleton (D:6)
  8 rats
71 creatures vanquished.

Notes
Turn   | Place    | Note
-------+----------+-------------------------------------------
     0 | D:1      | Froggeryz the Hill Orc Fighter began the quest for the Orb.
     0 | D:1      | Reached XP level 1. HP: 19/19 MP: 1/1
    18 | D:1      | Reached skill level 3 in Axes
    42 | D:1      | Reached XP level 2. HP: 27/27 MP: 2/2
   285 | D:1      | Reached skill level 4 in Axes
   287 | D:1      | Reached XP level 3. HP: 33/33 MP: 3/3
   433 | D:2      | Reached XP level 4. HP: 25/41 MP: 4/4
   486 | D:2      | Reached skill level 5 in Axes
   660 | D:2      | Noticed Sigmund
  1207 | D:2      | Killed Sigmund
  1207 | D:2      | Reached skill level 5 in Fighting
  1207 | D:2      | Reached skill level 6 in Axes
  1207 | D:2      | Reached XP level 5. HP: 37/48 MP: 5/5
  1207 | D:2      | Reached XP level 6. HP: 44/56 MP: 6/6
  1353 | D:2      | Reached skill level 7 in Axes
  1493 | D:2      | Found a glowing silver altar of Zin.
  1989 | D:3      | You fall into a shaft and drop 3 floors!
  2024 | D:6      | Noticed Eustachio
  2034 | D:6      | Noticed a phantom
  2046 | D:5      | Entered Level 5 of the Dungeon
  2050 | D:5      | Noticed Edmund
  2055 | D:5      | Noticed a sky beast
  2059 | D:5      | Killed from afar by a howler monkey

Levels and vault maps discovered:
D:1:      lightli_arrival_noodles, layout_basic
D:2:      minmay_alternating_diamond, layout_basic, marbit_many_paths,
          first_ration, minivault_5, uniq_sigmund
D:3:      layout_basic
D:5:      lemuel_ice_spiral_2, layout_basic, serial_shops, shop, shop_statue,
          shop, shop, patterned_corridor, uniq_edmund
D:6:      cheibrodos_thug_alley, layout_basic, uniq_eustachio
